 Dungeon Crawl Stone Soup version 0.29-a0-925-g0a7a3d12f8 (webtiles) character file.

Game seed: 2072151507697065188

27 Malachi the Trooper (level 2, 0/25 HPs)
             Began as a Palentonga Fighter on July 29, 2022.
             Succumbed to an adder's poison
             ... on level 2 of the Dungeon.
             The game lasted 00:00:46 (615 turns).

Malachi the Trooper (Palentonga Fighter)             Turns: 615, Time: 00:00:46

Health: 0/25       AC:  7    Str: 19    XL:     2   Next: 93%
Magic:  2/2        EV:  5    Int:  8    God:
Gold:   30         SH:  4    Dex:  9    Spells: 1/1 levels left

rFire   . . .      SeeInvis +   a - +0 flail
rCold   . . .      Faith    .   c - +0 buckler
rNeg    . . .      Spirit   .   g - +0 chain mail
rPois   .          Reflect  .   (no helmet)
rElec   .          Harm     .   (no cloak)
rCorr   .          Rampage  .   (no gloves)
Will    .....                   (no barding)
Stlth   ..........              (no amulet)
HPRegen 0.08/turn               (no ring)
MPRegen 0.08/turn               (no ring)

@: lethally poisoned (0 -> -5)
A: large, rugged brown scales 3, see invisible, deformed body, roll 1, armoured
tail
a: Rolling Charge


You were on level 2 of the Dungeon.
You visited 1 branch of the dungeon, and saw 2 of its levels.

You collected 30 gold pieces.

Inventory:

Hand Weapons
 a - a +0 flail (weapon)
Armour
 c - a +0 buckler (worn)
 g - a +0 chain mail (worn)
Scrolls
 b - a scroll of enchant weapon {unknown}
 f - a scroll of vulnerability {unknown}
 h - 2 scrolls of identify {unknown}
Potions
 d - a potion of might
 e - 2 potions of haste {unknown}


   Skills:
 + Level 3.3 Fighting
 + Level 2.4 Maces & Flails
 + Level 2.7 Armour
 + Level 3.0 Shields


You had one spell level left.
You didn't know any spells.
Your spell library contained the following spells:

 Spells                   Type           Power      Damage    Failure   Level
 Alistair's Intoxication  Tmut/Pois      0%         N/A       100%        5
 Borgnjor's Vile Clutch   Necr/Erth      0%         N/A       100%        5
 Eringya's Noxious Bog    Tmut/Pois      0%         N/A       100%        6


Dungeon Overview and Level Annotations

Branches:
Dungeon (2/15)

Altars:


Innate Abilities, Weirdness & Mutations

You are completely covered in rugged brown scales. (AC +3, +7% HP)
You have supernaturally acute eyesight. (SInv)
Armour fits poorly on your strangely shaped body.
You can roll at nearby foes to attack.
You have a long armoured tail.


Message History

You barely miss the adder.
The adder is almost dead.
You feel sick. The adder bites you but does no damage.
You are too injured to fight recklessly!
You are too injured to fight recklessly!
You are too injured to fight recklessly!
You are too injured to fight recklessly!
You are too injured to fight recklessly!
You are too injured to fight recklessly!
An adder is nearby!
An adder is nearby!
You barely miss the adder.
The adder is almost dead.
You feel sick. The adder bites you but does no damage. The adder bites you.
You are more poisoned.
The adder poisons you!
You closely miss the adder.
The adder is almost dead.
You feel sick. You block the adder's attack.
You closely miss the adder.
The adder is almost dead.
You feel sick. You block the adder's attack.
The adder bites you but does no damage.
You hit the adder.
The adder is almost dead.
You feel sick.
The adder bites you but does no damage. x2
You miss the adder.
The adder is almost dead.
You feel sick. The adder bites you.
* * * LOW HITPOINT WARNING * * *
You are lethally poisoned!
The adder poisons you!
You miss the adder.
The adder is almost dead.
* * * LOW HITPOINT WARNING * * *
You feel sick. The adder bites you but does no damage.
You block the adder's attack.
You sock the adder!
You kill the adder!
You die...

.. .. ># .. ##.#..
#.##.##.
...##.##...... ...
................#
#.#
#........#$#.#.#
#.# ..!....##.#.#.#
#.# #.......#.#.#
#.# #.....†.#.#.#
#.# .#..@.†..#.#.#
#.#
#.........#.#.###.#
#.#.......#.#.#...#
# #........#..#.###
#.......###.)..#
####..##....#..#
#..##.#..#..#
#..##.......# ##..
#.......#


There were no monsters in sight!

Vanquished Creatures
  An adder (D:2)
  5 bats (D:1)
  3 endoplasms
  A giant cockroach (D:2)
  3 goblins
  A hobgoblin (D:1)
  2 quokkas (D:1)
  3 ball pythons (D:1)
  3 frilled lizards
  A kobold (D:1)
  3 rats
26 creatures vanquished.

Notes
Turn   | Place    | Note
-------+----------+-------------------------------------------
     0 | D:1      | Malachi the Palentonga Fighter began the quest for the Orb.
     0 | D:1      | Reached XP level 1. HP: 19/19 MP: 1/1
    87 | D:1      | Reached XP level 2. HP: 25/25 MP: 2/2
   196 | D:1      | Found a faded altar of an unknown god.
   615 | D:2      | Succumbed to an adder's poison

Illustrated notes

Levels and vault maps discovered:
D:1:      evilmike_arrival_hilbert_curve, layout_rooms,
          dilly_ecumenical_altar_fadedgnrine
D:2:      layout_loops_ring, basic_altar

Skill      XL: |  1  2 |
---------------+-------+-----
Shields        | 3 |  3.0
Fighting       | |  3.3
Maces & Flails | |  2.4
Armour         | |  2.7

Action                   || total
-------------------------++-------
Melee: Flail             ||    81
       Tailslap          ||     5
Armor: Scale mail        ||    17
       Chain mail        ||    44
Dodge: Dodged            ||    28
Block: Buckler           ||    24

Table legend: (Time is in decaauts)
 A = Elapsed time spent in this place.
 B = Non-inter-level travel time spent in this place.
 C = Inter-level travel time spent in this place.
 D = Time resting spent in this place.
 E = Time spent auto-exploring this place.
 F = Levels seen in this place.
 G = Mean time per level.
                   A        B        C        D        E       F      G
               +--------+--------+--------+--------+--------+-----+--------+
         Total |    639 |    628 |     11 |      0 |    440 |   2 |  319.5 |
       Dungeon |    639 |    628 |     11 |      0 |    440 |   2 |  319.5 |
               +--------+--------+--------+--------+--------+-----+--------+

Top non-repeatable levels by time:
     D:1: 517 daAuts
     D:2: 122 daAuts
